 Dungeon Crawl Stone Soup version 0.23.2-40-g277498a001 (webtiles) character file.

Game seed: 6124068746114283051

1695 Folks the Magician (level 9, -1/59 HPs)
             Began as a Human Ice Elementalist on Aug 21, 2019.
             Was an Initiate of Gozag.
             Killed from afar by an orc wizard (9 damage)
             ... with a puff of flame
             ... on level 7 of the Dungeon on Aug 22, 2019.
             The game lasted 00:40:05 (8886 turns).

Folks the Magician (Human Ice Elementalist)         Turns: 8886, Time: 00:40:05

Health: -1/59      AC:  5    Str:  8    XL:     9   Next: 22%
Magic:  4/18       EV: 12    Int: 18    God:    Gozag
Gold:   542        SH:  0    Dex: 13    Spells: 3/20 levels left

rFire    . . .     SeeInvis .   s - +1 short sword (vamp)
rCold    . . .     Gourm    .   (no shield)
rNeg     . . .     Faith    .   a - +0 robe
rPois    .         Spirit   .   e - +2 helmet
rElec    .         Reflect  .   (no cloak)
rCorr    .         Harm     .   (no gloves)
MR       .....                  (no boots)
Stlth    ++........             (no amulet)
HPRegen  0.19/turn              (no ring)
MPRegen  0.16/turn              (no ring)

@: gold aura, very slightly contaminated
A: dopey 1, mutation resistance 1, MP-powered wands
a: Potion Petition, Call Merchant, Bribe Branch, Renounce Religion


You were on level 7 of the Dungeon.
You worshipped Gozag.
Gozag was pleased with you.
You were near starving.

You visited 2 branches of the dungeon, and saw 8 of its levels.

You collected 653 gold pieces.
You paid 111 gold pieces to Gozag.

Inventory:

Hand Weapons
 h - a +0 dagger
 r - a +0 short sword
 s - a +1 vampiric short sword (weapon)
 t - a +0 rapier
Armour
 a - a +0 robe (worn)
 e - a +2 helmet (worn)
 v - a +0 ring mail
Wands
 q - a wand of polymorph (1)
 A - a wand of acid (8)
Scrolls
 b - 5 scrolls of teleportation
 d - 2 scrolls of enchant weapon
 f - a scroll of fear
 g - 4 scrolls of remove curse
 i - 6 scrolls of identify {unknown}
 k - a scroll of enchant armour {unknown}
 l - 2 scrolls of blinking {unknown}
 n - a scroll of immolation {unknown}
 o - 2 scrolls of fog {unknown}
 p - 2 scrolls of amnesia {unknown}
 u - 3 scrolls of magic mapping {unknown}
 y - 2 scrolls of noise {unknown}
 C - a scroll of silence {unknown}
 D - a scroll of random uselessness {unknown}
Potions
 j - 2 potions of cancellation {unknown}
 m - a potion of lignification {unknown}
 w - a potion of haste {unknown}
 x - 2 potions of curing
 z - a potion of degeneration {unknown}
 B - 2 potions of flight {unknown}
Comestibles
 c - 4 rations


   Skills:
 - Level 1.0 Fighting
 - Level 2.0 Dodging
 - Level 2.0 Stealth
 + Level 6.1 Spellcasting
 * Level 4.1 Conjurations
 - Level 4.1 Summonings
 - Level 5.0 Ice Magic
 - Level 4.2 Air Magic
 + Level 2.5 Poison Magic


You had 3 spell levels left.
You knew the following spells:

 Your Spells              Type           Power        Failure   Level  Hunger
a - Freeze                Ice            ###.         1%          1    None
b - Throw Frost           Conj/Ice       ###...       2%          2    None
c - Ozocubu's Armour      Chrm/Ice       ##......     13%         3    ##.....
d - Summon Ice Beast      Ice/Summ       ###.....     19%         4    ####...
e - Mephitic Cloud        Conj/Pois/Air  ###.....     8%          3    ##.....
f - Throw Icicle          Conj/Ice       ###.....     19%         4    ####...

Your spell library contained the following spells:

 Spells                   Type           Power        Failure   Level  Hunger
 Magic Dart               Conj           ###.         2%          1    None
 Call Imp                 Summ           ###.....     3%          2    None
 Conjure Flame            Conj/Fire      ##......     16%         3    ##.....
 Blink                    Tloc           N/A          19%         2    None
 Slow                     Hex            #.......     19%         2    None


Dungeon Overview and Level Annotations

Branches:
Dungeon (7/15)             Temple (1/1) D:5

Altars:
Ashenzari
Cheibriados
Dithmenos
Elyvilon
Fedhas
Gozag
Hepliaklqana
Kikubaaqudgha
Makhleb
Nemelex Xobeh
Okawaru
Qazlal
Ru
Trog
Uskayaw
Vehumet
Xom
Yredelemnul
Zin
The Shining One

Shops:
D:4 :


Innate Abilities, Weirdness & Mutations

You are dopey. (Int -2)
You are somewhat resistant to further mutation.
You expend magic power (3 MP) to strengthen your wands.


Message History

The magic dart hits you.
The centaur shoots an arrow.
The arrow hits you but does no damage.
You hit the orc wizard.
You feel better.
The orc wizard is severely wounded.
The centaur shoots an arrow.
The arrow misses you.
The orc wizard hits you but does no damage.
You hit the orc wizard but do no damage.
The orc wizard is severely wounded.
The centaur shoots an arrow.
The arrow hits you!
* * * LOW HITPOINT WARNING * * *
The orc wizard hits you but does no damage.
The centaur shoots an arrow.
The arrow hits you.
* * * LOW HITPOINT WARNING * * *
Your icy armour cracks and falls away as you move.
The orc wizard hits you with a +0 dagger.
* * * LOW HITPOINT WARNING * * *
The orc wizard gestures at you while chanting.
The puff of flame hits you!
You die...
Your body crumbles into a pile of gold.

..#####.......##.. #...
... ..........#...
#...###.. #.#...........
......#.# ####..........
........# ##.........
........# #.........
........##### #.........
........$...###..(......
.......@#($.....###.....
#....=#..o..c...# #....
##.#. ##.......## ...# #
.......##.# ..#
#....####...#
##.....##....#..# .#
###................
#......####>#......
#.....# #.....


You could see a centaur and an orc wizard.

Vanquished Creatures
  Grinder (D:3)
  A big kobold (D:6)
  2 bullfrogs
  A water moccasin zombie (D:7)
  2 killer bees (D:7)
  A howler monkey (D:5)
  3 hounds
  2 orc wizards
  A gnoll shaman (D:6)
  A bullfrog skeleton (D:5)
  2 jellies
  2 iguanas
  2 worker ants
  A gnoll (D:6)
  10 adders
  2 shadow imps (D:5)
  3 oozes
  4 worms
  3 dart slugs
  5 leopard geckos
  8 orcs
  5 ball pythons
  11 bats
  3 giant cockroaches
  8 goblins (D:3)
  10 hobgoblins
  7 jackals
  6 quokkas
  A ball python skeleton (D:5)
  7 frilled lizards
  16 kobolds
  A leopard gecko skeleton (D:4)
  A quokka skeleton (D:5)
  7 rats
140 creatures vanquished.

Vanquished Creatures (collateral kills)
  Prince Ribbit (D:7)
  2 sky beasts
  A necrophage (D:6)
  A big kobold (D:7)
  A bullfrog (D:5)
  4 killer bees (D:7)
  A centaur zombie (D:6)
  3 hounds
  3 orc wizards
  A worker ant (D:5)
  Robin (D:3)
  6 gnolls (D:6)
  An adder (D:7)
  2 shadow imps (D:7)
  A leopard gecko (D:7)
  4 orcs
  A ball python (D:5)
  A goblin (D:3)
  2 hobgoblins (D:3)
  4 jackals (D:4)
  5 kobolds (D:7)
  A quokka (D:5)
47 creatures vanquished.

Grand Total: 187 creatures vanquished

Notes
Turn   | Place    | Note
-------+----------+-------------------------------------------
     0 | D:1      | Folks the Human Ice Elementalist began the quest for the
                  | Orb.
     0 | D:1      | Reached XP level 1. HP: 13/13 MP: 3/3
   152 | D:1      | Reached XP level 2. HP: 17/20 MP: 1/5
   455 | D:1      | Learned a level 2 spell: Throw Frost
   514 | D:1      | Reached XP level 3. HP: 18/25 MP: 3/6
   524 | D:1      | Learned a level 3 spell: Ozocubu's Armour
   592 | D:1      | Reached skill level 1 in Fighting
   863 | D:2      | Found a burning altar of Makhleb.
   984 | D:2      | Reached skill level 3 in Spellcasting
  1091 | D:2      | Reached XP level 4. HP: 29/32 MP: 8/8
  1728 | D:2      | Found a shimmering altar of Xom.
  1729 | D:2      | Found a sparkling altar of Nemelex Xobeh.
  1730 | D:2      | Found an iron altar of Okawaru.
  1741 | D:2      | Found a bloodstained altar of Trog.
  2399 | D:3      | Reached XP level 5. HP: 33/37 MP: 8/10
  2405 | D:3      | Learned a level 4 spell: Summon Ice Beast
  2412 | D:3      | Noticed Grinder
  2758 | D:4      | Found Woqeox's Book Shop.
  2883 | D:4      | Reached skill level 1 in Summonings
  3520 | D:3      | Noticed a bullfrog
  3528 | D:3      | Killed a bullfrog
  3528 | D:3      | Reached skill level 4 in Spellcasting
  3528 | D:3      | Reached XP level 6. HP: 16/43 MP: 2/12
  3533 | D:3      | Learned a level 3 spell: Mephitic Cloud
  3935 | D:3      | Noticed Robin
  4018 | D:3      | Gained mutation: You are dopey. (Int -2) [potion of
                  | mutation]
  4018 | D:3      | Gained mutation: You expend magic power (3 MP) to
                  | strengthen your wands. [potion of mutation]
  4018 | D:3      | Gained mutation: You are somewhat resistant to further
                  | mutation. [potion of mutation]
  4285 | D:3      | Killed Grinder
  4285 | D:3      | Reached XP level 7. HP: 32/48 MP: 0/13
  4403 | D:3      | Killed Robin
  4656 | D:3      | Found a glowing golden altar of the Shining One.
  5178 | D:5      | Entered Level 5 of the Dungeon
  5333 | D:5      | Reached skill level 5 in Ice Magic
  5619 | D:5      | Found a staircase to the Ecumenical Temple.
  5640 | Temple   | Entered the Ecumenical Temple
  5810 | D:5      | Reached skill level 1 in Air Magic
  5895 | D:5      | Reached XP level 8. HP: 52/54 MP: 1/15
  6166 | D:6      | Reached skill level 5 in Spellcasting
  6455 | Temple   | Became a worshipper of Gozag Ym Sagoz the Greedy
  7560 | D:6      | Learned a level 4 spell: Throw Icicle
  7979 | D:7      | Noticed Prince Ribbit
  7988 | D:7      | Killed Prince Ribbit
  7988 | D:7      | Reached skill level 1 in Poison Magic
  8406 | D:7      | Reached XP level 9. HP: 59/59 MP: 3/17
  8668 | D:7      | Reached skill level 6 in Spellcasting
  8886 | D:7      | Killed from afar by an orc wizard

Skill      XL: |  1  2  3  4  5  6  7  8  9 |
---------------+----------------------------+-----
Fighting       | 1 |  1.0
Spellcasting   | 3 4 5 6 |  6.1
Summonings     | 2 3 4 |  4.1
Ice Magic      | 4 5 |  5.0
Air Magic      | 1 4 |  4.2
Conjurations   | 3 4 |  4.1
Poison Magic   | 1 2 |  2.5
Dodging        | |  2.0
Stealth        | |  2.0

Action                   |  1- 3 |  4- 6 |  7- 9 || total
-------------------------+-------+-------+-------++-------
Melee: Dagger            |    76 |    98 |       ||   174
       Short sword       |       |    75 |   212 ||   287
       Rapier            |       |    10 |       ||    10
       Unarmed           |       |     2 |       ||     2
 Cast: Freeze            |    29 |    82 |    75 ||   186
       Ozocubu's Armour  |     2 |    15 |    22 ||    39
       Throw Frost       |     1 |    14 |    14 ||    29
       Summon Ice Beast  |       |     5 |    24 ||    29
       Mephitic Cloud    |       |       |     5 ||     5
       Throw Icicle      |       |       |     1 ||     1
  Use: Potion            |     1 |     5 |     1 ||     7
       Scroll            |       |     1 |     3 ||     4
 Stab: Sleeping          |     4 |     5 |     4 ||    13
       Confused          |       |       |     2 ||     2
  Eat: Chunk             |     1 |    10 |    11 ||    22
       Ration            |       |     2 |     3 ||     5
Armor: Robe              |    30 |    77 |    69 ||   176
Dodge: Dodged            |    75 |   176 |   210 ||   461
